 Dungeon Crawl Stone Soup version 0.25-a0-164-gb55e97dba5 (webtiles) character file.

Game seed: 18370925482358585482, levelgen mode: deterministic

108 Leeroy the Magician (level 4, -5/33 HPs)
             Began as a Draconian Conjurer on Nov 22, 2019.
             Slain by a sky beast (6 damage)
             ... on level 4 of the Dungeon.
             The game lasted 00:03:11 (1840 turns).

Leeroy the Magician (Draconian Conjurer)            Turns: 1840, Time: 00:03:11

Health: -5/33      AC:  6    Str: 10    XL:     4   Next: 58%
Magic:  3/10       EV: 12    Int: 16    God:
Gold:   57         SH:  0    Dex: 12    Spells: 8/11 levels left

rFire    . . .     SeeInvis .   e - +0 dagger
rCold    . . .     Gourm    .   (no shield)
rNeg     . . .     Faith    .   (armour unavailable)
rPois    .         Spirit   .   (helmet restricted)
rElec    .         Reflect  .   l - +0 cloak
rCorr    .         Harm     .   (no gloves)
MR       .....                  (no boots)
Stlth    ++........             (no amulet)
HPRegen  0.11/turn              (no ring)
MPRegen  0.12/turn              (no ring)

@: no status effects
A: unfitting armour, cold-blooded, AC +5
a: no special abilities


You were on level 4 of the Dungeon.
You were very hungry.

You visited 1 branch of the dungeon, and saw 3 of its levels.

You collected 57 gold pieces.

Inventory:

Hand Weapons
 e - a +0 dagger (weapon)
Missiles
 c - 47 poisoned darts (quivered)
Armour
 l - a +0 cloak (worn)
 o - a +0 buckler
Jewellery
 m - an uncursed ring of wizardry {unknown}
Scrolls
 g - 4 scrolls of identify {unknown}
 i - a scroll of enchant armour {unknown}
 j - 2 scrolls of teleportation {unknown}
 n - 2 scrolls of amnesia {unknown}
Potions
 a - a potion of haste {unknown}
 d - a potion of agility {unknown}
 f - 2 potions of curing {unknown}
 h - a potion of heal wounds {unknown}
 k - a potion of might {unknown}
Comestibles
 b - 5 rations


   Skills:
 - Level 1.0 Short Blades
 - Level 1.7 Dodging
 - Level 1.7 Stealth
 + Level 4.3 Spellcasting
 - Level 4.0 Conjurations


You had 8 spell levels left.
You knew the following spells:

 Your Spells              Type           Power        Failure   Level  Hunger
a - Magic Dart            Conj           ###.         3%          1    None
b - Searing Ray           Conj           ###...       4%          2    ##.....

Your spell library contained the following spells:

 Spells                   Type           Power        Failure   Level  Hunger
 Dazzling Spray           Conj/Hex       #.....       22%         3    ###....
 Iskenderun's Mystic Bla  Conj           ###.....     30%         4    ####...
 Force Lance              Conj/Tloc      #.......     56%         4    ####...
 Fulminant Prism          Conj/Hex       #.........   56%         4    ####...


Dungeon Overview and Level Annotations

Branches:
Dungeon (2/15)

Altars:


Innate Abilities, Weirdness & Mutations

Your plain brown scales are hard. (AC +5)
You cannot fit into any form of body armour.
You are cold-blooded and may be slowed by cold attacks.


Message History

Aiming: Searing Ray (safe; 4% risk of failure)
Press: ? - help, Shift-Dir - straight line The searing ray hits the leopard gecko.
You kill the leopard gecko! (Press . to maintain the ray.)
Something hits you but does no damage.
A sky beast appears from thin air!
Reactivating autopickup.
The sky beast hits you but does no damage.
The searing ray misses the sky beast.
You finish channeling your searing ray.
The sky beast flickers out of sight!
Deactivating autopickup; reactivate with Ctrl-A.
Something hits you.
* * * LOW HITPOINT WARNING * * *
Something shocks you.
* * * LOW HITPOINT WARNING * * *
You hit something but do no damage. Something hits you.
* * * LOW HITPOINT WARNING * * *
Something shocks you.
You die...

...# ##..#### ##
...############# #......####.
##.............#
##...........
###.........<..#
#............ #............#
##.........##. ##...........#
#...).....##.. ##..........#
###.........#...
##.........###..........##...
##.......##@{..........#...#
##.........##........##..##
#......#####........#...#
##....## #.......##..##
##....# #........#..##
#..#### #.......##..# ##..#
#.......#..## #..##
#......#..## ##..###
#.....##..#


There were no monsters in sight!

Vanquished Creatures
  A scorpion (D:4)
  A bullfrog skeleton (D:4)
  An ooze (D:4)
  A worm (D:4)
  A leopard gecko (D:4)
  4 giant cockroaches
  2 goblins (D:1)
  4 hobgoblins (D:1)
  3 frilled lizards (D:1)
  A kobold (D:1)
  4 rats
23 creatures vanquished.

Notes
Turn   | Place    | Note
-------+----------+-------------------------------------------
     0 | D:1      | Leeroy the Draconian Conjurer began the quest for the Orb.
     0 | D:1      | Reached XP level 1. HP: 14/14 MP: 3/3
   540 | D:1      | Reached XP level 2. HP: 20/20 MP: 5/5
   597 | D:1      | Learned a level 2 spell: Searing Ray
  1129 | D:2      | You fall into a shaft and drop 2 floors!
  1195 | D:4      | Reached skill level 1 in Short Blades
  1350 | D:4      | Reached XP level 3. HP: 5/26 MP: 0/8
  1669 | D:4      | Noticed a scorpion
  1708 | D:4      | Killed a scorpion
  1708 | D:4      | Reached XP level 4. HP: 33/33 MP: 3/10
  1801 | D:4      | Noticed a sky beast
  1840 | D:4      | HP: 1/33 [something (1)]
  1840 | D:4      | Slain by a sky beast

Levels and vault maps discovered:
D:1:      dpeg_chamrin_arrival_tetris, layout_loops_cross,
          hangedman_decor_clover_reticule, dk_noncrumbling_3
D:2:      layout_loops_cross
D:4:      layout_cave_pods, nicolae_overflow_hidden_temple,
          nemelex_xobeh_ov_fountains_minmay, first_ration

Skill      XL: |  1  2  3 |
---------------+----------+-----
Short Blades   | 1 |  1.0
Spellcasting   | 3 4 |  4.3
Dodging        | |  1.7
Stealth        | |  1.7
Conjurations   | |  4.0

Action                   |  1- 3 |  4- 6 || total
-------------------------+-------+-------++-------
Melee: Unarmed           |    19 |       ||    19
       Dagger            |    62 |    11 ||    73
       Tailslap          |     5 |     1 ||     6
 Cast: Magic Dart        |     9 |       ||     9
       Searing Ray       |     3 |     2 ||     5
 Stab: Sleeping          |     5 |       ||     5
  Eat: Chunk             |     2 |       ||     2
Armor: Skin              |    19 |     7 ||    26
Dodge: Dodged            |    65 |     6 ||    71

Table legend:
 A = Non-vault XP
 B = Vault XP
 C = Vault XP percentage of total XP
 D = Non-vault monster count
 E = Vault monster count
 F = Vault count percentage of total count
                 A         B        C        D         E       F
            +---------+---------+-------+---------+---------+-------
      Total |     155 |       0 |   0.0 |      23 |       0 |   0.0
            +---------+---------+-------+---------+---------+-------
        D:1 |      25 |       0 |   0.0 |      16 |       0 |   0.0
        D:2 |       1 |       0 |   0.0 |       1 |       0 |   0.0
        D:4 |     129 |       0 |   0.0 |       6 |       0 |   0.0
            +---------+---------+-------+---------+---------+-------
